MLB
CHICAGO WHITE SOX @ TAMPA BAY RAYS
08/28/2098
 
TOP OF THE 1ST
Chicago White Sox batting - Pitching for Tampa Bay Rays : LHP Mike Dougherty
Pitching: LHP Mike Dougherty
Batting: RHB Luis Marquina 0-0: Called Strike
0-1: Ball
1-1: Ball
2-1: Ground out 6-3 (Groundball, 6D, EV 90.6 MPH)
Batting: RHB Butch Arnett 0-0: Called Strike
0-1: Fly out, F3 (Popup, 34S, EV 72.5 MPH)
Batting: RHB Joey Aimone 0-0: Ball
1-0: Ball
2-0: Called Strike
2-1: Ball
3-1: SINGLE (Line Drive, 4D, EV 97.5 MPH)
Batting: LHB Dan Roos 0-0: Ball
1-0: Called Strike
1-1: Foul Ball, location: 7LDF
1-2: Ball
2-2: Ball
3-2: Strikes out swinging
Top of the 1st over - 0 runs, 1 hit, 0 errors, 1 left on base; Chicago 0 - Tampa Bay 0
BOTTOM OF THE 1ST
Tampa Bay Rays batting - Pitching for Chicago White Sox : RHP Mike Groves
Pitching: RHP Mike Groves
Batting: SHB Jorge Ramos 0-0: Swinging Strike
0-1: Swinging Strike
0-2: Ball
1-2: Strikes out looking
Batting: RHB Jamie Huggins 0-0: Ground out 4-3 (Groundball, 13, EV 85.6 MPH)
Batting: RHB Cesar Escamilla 0-0: Ball
1-0: Swinging Strike
1-1: Fly out, F8 (Flyball, 8LM, EV 91.3 MPH)
Bottom of the 1st over - 0 runs, 0 hits, 0 errors, 0 left on base; Chicago 0 - Tampa Bay 0
TOP OF THE 2ND
Chicago White Sox batting - Pitching for Tampa Bay Rays : LHP Mike Dougherty
Batting: RHB John Kofoid 0-0: Called Strike
0-1: Foul Ball, location: 2F
0-2: Foul Ball, location: 23FF
0-2: SINGLE (Groundball, 6MD, EV 95.6 MPH)
Batting: LHB Kevin Howard 0-0: Sac Bunt to 2L - play at first, batter OUT! 2-3
John Kofoid to second
Batting: RHB Chris Hodges 0-0: Ball
1-0: Called Strike
1-1: Ball
2-1: Fly out, F8 (Flyball, 8LXD, EV 83.1 MPH)
Runner from 2nd tags up, SAFE at 3rd, no throw by CF
Batting: RHB Cory Gilmore 0-0: Foul Ball, location: 9LDF
0-1: Ball
1-1: Swinging Strike
1-2: Ball
2-2: DOUBLE (Groundball, 5L, EV 100.0 MPH)
John Kofoid scores
Batting: RHB Vinny Figueroa 0-0: Called Strike
0-1: Ball
1-1: Ground out 2-3 (Groundball, 15S, EV 70.0 MPH)
Top of the 2nd over - 1 run, 2 hits, 0 errors, 1 left on base; Chicago 1 - Tampa Bay 0
BOTTOM OF THE 2ND
Tampa Bay Rays batting - Pitching for Chicago White Sox : RHP Mike Groves
Batting: LHB Jose Alcantar 0-0: Ball
1-0: Ball
2-0: Called Strike
2-1: Foul Ball, location: 2F
2-2: Ball
3-2: Foul Ball, location: 3F
3-2: DOUBLE (Groundball, 3L, EV 96.9 MPH)
Batting: RHB Kevin Schulz 0-0: Ground out 6-3 (Groundball, 6, EV 83.1 MPH)
Batting: RHB Steve Auclair 0-0: Called Strike
0-1: Ball
1-1: Ground out 6-3 (Groundball, 6, EV 86.9 MPH)
Jose Alcantar to third
Batting: RHB Dave Taylor 0-0: Ball
1-0: Ball
2-0: Ground out 5-3 (Groundball, 56S, EV 89.4 MPH)
Bottom of the 2nd over - 0 runs, 1 hit, 0 errors, 1 left on base; Chicago 1 - Tampa Bay 0
TOP OF THE 3RD
Chicago White Sox batting - Pitching for Tampa Bay Rays : LHP Mike Dougherty
Batting: RHB Luis Marquina 0-0: Called Strike
0-1: Ball
1-1: Ball
2-1: Ball
3-1: Swinging Strike
3-2: Base on Balls
Batting: RHB Butch Arnett 0-0: Foul Ball, location: 2F
0-1: Swinging Strike
0-2: Ball
1-2: Fly out, F9 (Flyball, 9D, EV 100.0 MPH)
Batting: RHB Joey Aimone 0-0: Ball
1-0: Swinging Strike
1-1: Ball
2-1: Swinging Strike
2-2: Foul Ball, location: 2F
2-2: Fly out, F9 (Line Drive, 9LM, EV 93.8 MPH)
Batting: LHB Dan Roos 0-0: Called Strike
0-1: Called Strike
0-2: Ball
1-2: Fly out, F8 (Flyball, 8RS, EV 91.9 MPH)
Top of the 3rd over - 0 runs, 0 hits, 0 errors, 1 left on base; Chicago 1 - Tampa Bay 0
BOTTOM OF THE 3RD
Tampa Bay Rays batting - Pitching for Chicago White Sox : RHP Mike Groves
Batting: RHB Dave Quintero 0-0: Called Strike
0-1: Ball
1-1: Ball
2-1: Fly out, F8 (Line Drive, 8LM, EV 98.1 MPH)
Batting: SHB Ryan Takach 0-0: Ball
1-0: Foul Ball, location: 5F
1-1: DOUBLE (Line Drive, 78M, EV 91.9 MPH)
Batting: SHB Jorge Ramos 0-0: Fly out, F4 (Line Drive, 4M, EV 96.9 MPH)
Lined into DP, U4 (Line Drive, 4M, EV 96.9 MPH)
Bottom of the 3rd over - 0 runs, 1 hit, 0 errors, 0 left on base; Chicago 1 - Tampa Bay 0
TOP OF THE 4TH
Chicago White Sox batting - Pitching for Tampa Bay Rays : LHP Mike Dougherty
Batting: RHB John Kofoid 0-0: Called Strike
0-1: Called Strike
0-2: Ball
1-2: Strikes out swinging
Batting: LHB Kevin Howard 0-0: Swinging Strike
0-1: Foul Ball, location: 7LMF
0-2: Ground out U3 (Groundball, 13, EV 86.9 MPH)
Batting: RHB Chris Hodges 0-0: Called Strike
0-1: Ball
1-1: Fly out, F9 (Flyball, 9D, EV 102.5 MPH)
Top of the 4th over - 0 runs, 0 hits, 0 errors, 0 left on base; Chicago 1 - Tampa Bay 0
BOTTOM OF THE 4TH
Tampa Bay Rays batting - Pitching for Chicago White Sox : RHP Mike Groves
Batting: RHB Jamie Huggins 0-0: Ball
1-0: Ball
2-0: Called Strike
2-1: Foul Ball, location: 9LDF
2-2: Ball
3-2: Base on Balls
Batting: RHB Cesar Escamilla 0-0: Called Strike
Jamie Huggins steals 2nd base
0-1: Foul Ball, location: 5F
0-2: Hit by Pitch
Batting: LHB Jose Alcantar 0-0: Ball
1-0: Foul Ball, location: 5DF
1-1: Ball
Jamie Huggins steals 3rd base
Cesar Escamilla to second
2-1: 3-RUN HOME RUN (Flyball, 89XD, EV 100.6 MPH), Distance : 396 ft
Batting: RHB Kevin Schulz 0-0: Ball
1-0: Ball
2-0: Called Strike
2-1: Ball
3-1: Foul Ball, location: 2RF
3-2: Foul Ball, location: 7LMFF
3-2: Base on Balls
Batting: RHB Steve Auclair 0-0: Foul Ball, location: 2F
0-1: Ball
1-1: Ball
2-1: Foul Ball, location: 9LMF
2-2: Ball
3-2: Fly out, F8 (Flyball, 78D, EV 110.0 MPH)
Batting: RHB Dave Taylor 0-0: Swinging Strike
0-1: Ball
1-1: Ball
2-1: Foul Ball, location: 5SF
2-2: Strikes out looking
Batting: RHB Dave Quintero 0-0: Ball
1-0: Ball
2-0: Called Strike
2-1: Foul Ball, location: 2F
2-2: Ball
3-2: Fly out, F8 (Flyball, 8RM, EV 83.8 MPH)
Bottom of the 4th over - 3 runs, 1 hit, 0 errors, 1 left on base; Chicago 1 - Tampa Bay 3
TOP OF THE 5TH
Chicago White Sox batting - Pitching for Tampa Bay Rays : LHP Mike Dougherty
Batting: RHB Cory Gilmore 0-0: Ball
1-0: Ball
2-0: DOUBLE (Flyball, 8RXD, EV 106.9 MPH)
Batting: RHB Vinny Figueroa 0-0: Ball
1-0: Foul Ball, location: 23FF
1-1: Foul Ball, location: 2F
1-2: SINGLE (Line Drive, 56, EV 110.0 MPH)
Cory Gilmore to third
Batting: RHB Luis Marquina 0-0: Called Strike
0-1: Ball
1-1: Ball
2-1: Called Strike
2-2: Ball
3-2: Foul Ball, location: 3FF
3-2: Base on Balls
Vinny Figueroa to second
Batting: RHB Butch Arnett 0-0: Ball
1-0: Swinging Strike
1-1: Ball
2-1: Foul Ball, location: 2RF
2-2: Ball
3-2: Foul Ball, location: 9LDF
3-2: Strikes out swinging
Batting: RHB Joey Aimone 0-0: DOUBLE (Line Drive, 8RXD, EV 110.6 MPH)
Cory Gilmore scores
Vinny Figueroa scores
Luis Marquina to third
Batting: LHB Dan Roos 0-0: Called Strike
0-1: Foul Ball, location: 7LSF
0-2: Strikes out looking
Batting: RHB John Kofoid 0-0: Foul Ball, location: 5FF
0-1: Ball
1-1: Ball
2-1: Ball
3-1: Foul Ball, location: 9LDF
3-2: Foul Ball, location: 9LMF
3-2: Base on Balls
Batting: LHB Kevin Howard 0-0: Ground out 4-3 (Groundball, 4, EV 104.4 MPH)
Top of the 5th over - 2 runs, 3 hits, 0 errors, 3 left on base; Chicago 3 - Tampa Bay 3
BOTTOM OF THE 5TH
Tampa Bay Rays batting - Pitching for Chicago White Sox : RHP Mike Groves
Batting: SHB Ryan Takach 0-0: Swinging Strike
0-1: Ball
1-1: Foul Ball, location: 7LDF
1-2: Ball
2-2: Ground out 4-3 (Groundball, 34D, EV 98.8 MPH)
Batting: SHB Jorge Ramos 0-0: Called Strike
0-1: Swinging Strike
0-2: Foul Ball, location: 2F
0-2: Foul Ball, location: 2F
0-2: DOUBLE (Flyball, 8RXD, EV 103.1 MPH)
Batting: RHB Jamie Huggins 0-0: Called Strike
0-1: Ball
1-1: Called Strike
1-2: Ball
2-2: Ball
3-2: Foul Ball, location: 7LSF
3-2: Base on Balls
Batting: RHB Cesar Escamilla 0-0: Called Strike
0-1: Called Strike
0-2: Strikes out swinging
Batting: LHB Jose Alcantar 0-0: Called Strike
0-1: DOUBLE (Groundball, 3L, EV 104.4 MPH)
Jorge Ramos scores
Jamie Huggins to third
Batting: RHB Kevin Schulz 0-0: Foul Ball, location: 5F
0-1: Foul Ball, location: 9LMF
0-2: Foul Ball, location: 2F
0-2: Ball
1-2: Fly out, F8 (Flyball, 8LXD, EV 101.3 MPH)
Bottom of the 5th over - 1 run, 2 hits, 0 errors, 2 left on base; Chicago 3 - Tampa Bay 4
TOP OF THE 6TH
Chicago White Sox batting - Pitching for Tampa Bay Rays : LHP Mike Dougherty
Pitching: RHP Jason Long
Pinch Hitting: LHB D.J. Horrigan 0-0: Ball
1-0: Foul Ball, location: 2F
1-1: Foul Ball, location: 7LMF
1-2: Foul Ball, location: 9LSF
1-2: SINGLE (Groundball, 34S, EV 85.6 MPH) (infield hit)
Batting: RHB Cory Gilmore 0-0: Swinging Strike
0-1: Ball
1-1: Foul Ball, location: 2F
1-2: Foul Ball, location: 7LDF
1-2: Ball
2-2: Foul Ball, location: 2F
2-2: Foul Ball, location: 2F
2-2: Fly out, F6 (Popup, 6M, EV 65.0 MPH)
Pinch Hitting: LHB Tyler Fauver 0-0: Ball
1-0: Fielders Choice at 2nd, 3-6 (Groundball, 34, EV 81.9 MPH)
Batting: RHB Luis Marquina 0-0: Ball
1-0: Ball
2-0: Ball
3-0: Base on Balls
Tyler Fauver to second
Batting: RHB Butch Arnett 0-0: Foul Ball, location: 5F
0-1: Swinging Strike
0-2: Strikes out swinging
Top of the 6th over - 0 runs, 1 hit, 0 errors, 2 left on base; Chicago 3 - Tampa Bay 4
BOTTOM OF THE 6TH
Tampa Bay Rays batting - Pitching for Chicago White Sox : RHP Mike Groves
Pitching: RHP Matthew Emerson
Now at 2B: D.J. Horrigan
Now at SS: Jose Delgado
Batting: RHB Steve Auclair 0-0: Ball
1-0: Called Strike
1-1: Swinging Strike
1-2: Ball
2-2: Strikes out swinging
Batting: RHB Dave Taylor 0-0: Foul Ball, location: 2F
0-1: Called Strike
0-2: SINGLE (Line Drive, 56D, EV 94.4 MPH)
Batting: RHB Dave Quintero 0-0: Ball
1-0: Foul Ball, location: 2F
1-1: SINGLE (Line Drive, 4MD, EV 95.6 MPH)
Dave Taylor to second
Runner from 2nd tries for 3rd, SAFE, no throw by CF
Batting: SHB Ryan Takach 0-0: Called Strike
0-1: Called Strike
0-2: Strikes out swinging
Batting: SHB Jorge Ramos 0-0: Called Strike
0-1: Ball
1-1: Ball
2-1: Ball
3-1: Called Strike
3-2: Strikes out swinging
Bottom of the 6th over - 0 runs, 2 hits, 0 errors, 2 left on base; Chicago 3 - Tampa Bay 4
TOP OF THE 7TH
Chicago White Sox batting - Pitching for Tampa Bay Rays : RHP Jason Long
Pinch Hitting: LHB Tim Eaton 0-0: Foul Ball, location: 3SF
0-1: Called Strike
0-2: Foul Ball, location: 7LSF
0-2: Ball
1-2: Ball
2-2: Strikes out looking
Pitching: LHP Antonio Quevedo
Batting: LHB Dan Roos 0-0: Called Strike
0-1: Foul Ball, location: 7LMF
0-2: Ball
1-2: Strikes out looking
Batting: RHB John Kofoid 0-0: Called Strike
0-1: Ball
1-1: Ball
2-1: Fly out, F8 (Flyball, 8LD, EV 110.6 MPH)
Top of the 7th over - 0 runs, 0 hits, 0 errors, 0 left on base; Chicago 3 - Tampa Bay 4
BOTTOM OF THE 7TH
Tampa Bay Rays batting - Pitching for Chicago White Sox : RHP Matthew Emerson
Pitching: RHP Keith Dragisic
Now in LF: Luis Marquina
Now in RF: Tim Eaton
Batting: RHB Jamie Huggins 0-0: Called Strike
0-1: Ball
1-1: Ball
2-1: Ball
3-1: Foul Ball, location: 9LMF
3-2: Strikes out swinging, 2-3 out at first.
Batting: RHB Cesar Escamilla 0-0: DOUBLE (Line Drive, 78D, EV 105.0 MPH)
Batting: LHB Jose Alcantar 0-0: Intentional Walk
Batting: RHB Kevin Schulz 0-0: Called Strike
0-1: Ball
1-1: Fly out, F8 (Flyball, 8RM, EV 98.1 MPH)
Batting: RHB Steve Auclair 0-0: Fielders Choice at 2nd, 6-4 (Groundball, 6, EV 87.5 MPH)
Bottom of the 7th over - 0 runs, 1 hit, 0 errors, 2 left on base; Chicago 3 - Tampa Bay 4
TOP OF THE 8TH
Chicago White Sox batting - Pitching for Tampa Bay Rays : LHP Antonio Quevedo
Batting: LHB Kevin Howard 0-0: Ball
1-0: Ground out 6-3 (Groundball, 6M, EV 86.9 MPH)
Batting: LHB D.J. Horrigan 0-0: Swinging Strike
0-1: Ground out U3 (Groundball, 3, EV 88.8 MPH)
Batting: RHB Cory Gilmore 0-0: Foul Ball, location: 7LDF
0-1: Called Strike
0-2: Ball
1-2: Ball
2-2: Foul Ball, location: 2LF
2-2: Fly out, F2 (Popup, 23F, EV 85.6 MPH)
Top of the 8th over - 0 runs, 0 hits, 0 errors, 0 left on base; Chicago 3 - Tampa Bay 4
BOTTOM OF THE 8TH
Tampa Bay Rays batting - Pitching for Chicago White Sox : RHP Keith Dragisic
Batting: RHB Dave Taylor 0-0: Ball
1-0: Ball
2-0: Ball
3-0: Called Strike
3-1: Called Strike
3-2: Base on Balls
Batting: RHB Dave Quintero 0-0: Ball
1-0: Foul Ball, location: 23F
1-1: Ball
Dave Taylor is caught stealing 2nd base 2-4
2-1: Foul Ball, location: 9LSF
2-2: Foul Ball, location: 7LMFF
2-2: Ball
3-2: Foul Ball, location: 5DF
3-2: Strikes out swinging
Batting: SHB Ryan Takach 0-0: Ball
1-0: Called Strike
1-1: Foul Ball, location: 2F
1-2: Strikes out swinging
Bottom of the 8th over - 0 runs, 0 hits, 0 errors, 0 left on base; Chicago 3 - Tampa Bay 4
TOP OF THE 9TH
Chicago White Sox batting - Pitching for Tampa Bay Rays : LHP Antonio Quevedo
Pitching: RHP Todd Curley
Batting: RHB Jose Delgado 0-0: Ball
1-0: Called Strike
1-1: Ground out 6-3 (Groundball, 56, EV 81.9 MPH)
Batting: RHB Luis Marquina 0-0: Ball
1-0: Called Strike
1-1: Foul Ball, location: 2F
1-2: Ball
2-2: Strikes out swinging
Batting: RHB Butch Arnett 0-0: Ball
1-0: Ball
2-0: Ball
3-0: Swinging Strike
3-1: Foul Ball, location: 25F
3-2: Strikes out swinging
Top of the 9th over - 0 runs, 0 hits, 0 errors, 0 left on base; Chicago 3 - Tampa Bay 4
Sunday, April 14th , 2024 - OOTP Baseball 24.11 Build 85